 Dungeon Crawl Stone Soup version 0.23.2-33-g5129a83 (webtiles) character file.

Game seed: 6955933452811246915

137 BoppinsLewinski the Insei (level 5, -15/41 HPs)
             Began as a Demonspawn Monk on July 25, 2019.
             Demolished by an ogre
             ... wielding a +0 giant club
              (24 damage)
             ... on level 4 of the Dungeon.
             The game lasted 00:06:47 (3491 turns).

BoppinsLewinski the Insei (Demonspawn Monk)         Turns: 3491, Time: 00:06:48

Health: -15/41     AC:  6    Str: 12    XL:     5   Next: 0%
Magic:  5/5        EV: 12    Int: 11    God:
Gold:   185        SH:  0    Dex: 16    Spells: 4/4 levels left

rFire    . . .     SeeInvis .     - Unarmed
rCold    . . .     Gourm    .   (no shield)
rNeg     . . .     Faith    .   d - +0 ring mail
rPois    .         Spirit   .   (no helmet)
rElec    .         Reflect  .   (no cloak)
rCorr    .         Harm     .   (no gloves)
MR       .....                  g - +0 pair of boots
Stlth    ++........             (no amulet)
HPRegen  0.13/turn              (no ring)
MPRegen  0.09/turn              (no ring)

@: no status effects
A: hooves 2, nightstalker 1
a: no special abilities


You were on level 4 of the Dungeon.
You were not hungry.

You visited 1 branch of the dungeon, and saw 4 of its levels.

You collected 185 gold pieces.

Inventory:

Armour
 d - a +0 ring mail (worn)
 g - a +0 pair of boots (worn)
Jewellery
 n - an uncursed ring of positive energy {unknown}
 o - an uncursed ring of protection from cold {unknown}
 s - an uncursed ring of stealth {unknown}
Scrolls
 a - a scroll of blinking {unknown}
 c - a scroll of enchant weapon {unknown}
 f - 3 scrolls of random uselessness {unknown}
 h - 2 scrolls of identify {unknown}
 k - 4 scrolls of fog {unknown}
 p - 2 scrolls of remove curse {unknown}
Potions
 j - a potion of haste
 l - a potion of flight
 q - a potion of curing {unknown}
 r - a potion of brilliance {unknown}
Comestibles
 b - 6 rations


   Skills:
 * Level 3.5 Fighting
 + Level 1.2 Armour
 + Level 3.2 Dodging
 - Level 1.7 Stealth
 + Level 4.3 Unarmed Combat


You had 4 spell levels left.
You didn't know any spells.
Your spell library was empty.

Dungeon Overview and Level Annotations

Branches:
Dungeon (4/15)
 Temple: D:4-7

Altars:
Ashenzari
Fedhas
Gozag
Hepliaklqana
Okawaru
Ru


Innate Abilities, Weirdness & Mutations

You have hoof-like feet.
You are slightly more attuned to the shadows.


Message History

The ogre is moderately wounded.
You hit the ogre.
The ogre is heavily wounded.
You hit the ogre.
The ogre is heavily wounded.
The ogre hits you with a +0 giant club!
* * * LOW HITPOINT WARNING * * *
You are too injured to fight recklessly!
You are too injured to fight recklessly!
It was a potion of flight.
You feel very buoyant.
You fly up into the air.
It was a potion of cancellation.
Your magical effects are unravelling.
You feel magically purged.
You feel yourself slow down.
You float gracefully downwards.
The ogre hits you with a +0 giant club!!
Ouch! That really hurt!
You die...

#.##.#.####.#
.. #...##.#
########..##.#
..........##.#
#######.#.###.#
#....#..#.# #.#
#......# #.#
#.##....### #.#
......@.# #.#
......O.# #.#
........# #.#
........# #.#
........# #.#
#######.#####.#
##### .#.....#
#...# ###.#####
#[#.# #...#
#.#.#


You could see an ogre.

Vanquished Creatures
  A scorpion (D:4)
  A gnoll (D:3)
  2 oozes (D:1)
  A dart slug (D:3)
  A leopard gecko (D:2)
  6 orcs
  2 ball pythons
  6 bats
  2 giant cockroaches
  13 goblins
  4 hobgoblins
  6 kobolds
  A quokka (D:3)
  A ball python skeleton (D:4)
  11 rats
58 creatures vanquished.

Notes
Turn   | Place    | Note
-------+----------+-------------------------------------------
     0 | D:1      | BoppinsLewinski the Demonspawn Monk began the quest for the
                  | Orb.
     0 | D:1      | Reached XP level 1. HP: 18/18 MP: 1/1
    55 | D:1      | Reached skill level 3 in Unarmed Combat
    55 | D:1      | Gained mutation: You are slightly more attuned to the
                  | shadows. [demonic ancestry]
    55 | D:1      | Reached XP level 2. HP: 7/24 MP: 2/2
   962 | D:1      | Reached XP level 3. HP: 29/29 MP: 3/3
  1745 | D:3      | Found a hazy altar of Hepliaklqana.
  1747 | D:3      | Found a sacrificial altar of Ru.
  1747 | D:3      | Found a shattered altar of Ashenzari.
  1748 | D:3      | Found a blossoming altar of Fedhas.
  1748 | D:3      | Found an opulent altar of Gozag.
  2347 | D:3      | Reached skill level 4 in Unarmed Combat
  2347 | D:3      | Gained mutation: You have large cloven feet. [demonic
                  | ancestry]
  2347 | D:3      | Reached XP level 4. HP: 25/35 MP: 4/4
  2352 | D:3      | Found an iron altar of Okawaru.
  3083 | D:4      | Reached skill level 1 in Armour
  3083 | D:4      | Gained mutation: You have hoof-like feet. [demonic
                  | ancestry]
  3083 | D:4      | Reached XP level 5. HP: 35/41 MP: 5/5
  3482 | D:4      | Noticed an ogre
  3491 | D:4      | Demolished by an ogre

Skill      XL: |  1  2  3  4 |
---------------+-------------+-----
Unarmed Combat | 3 4 |  4.3
Dodging        | 3 |  3.2
Armour         | 1 |  1.2
Fighting       | |  3.5
Stealth        | |  1.7

Action                   |  1- 3 |  4- 6 || total
-------------------------+-------+-------++-------
Melee: Unarmed           |   161 |    48 ||   209
       Punch             |     2 |       ||     2
  Use: Potion            |       |     5 ||     5
 Stab: Sleeping          |    13 |     1 ||    14
  Eat: Chunk             |     4 |     4 ||     8
Armor: Robe              |     3 |       ||     3
       Ring mail         |    46 |     6 ||    52
       Skin              |       |     3 ||     3
Dodge: Dodged            |   111 |    24 ||   135
